 Dungeon Crawl Stone Soup version 0.23-a0-642-g3120c2f (webtiles) character file.

58 DrClinical the Grave Robber (level 3, 0/24 HPs)
             Began as a Demonspawn Necromancer on Dec 30, 2018.
             Succumbed to an adder's poison
             ... on level 1 of the Dungeon.
             The game lasted 00:08:58 (1572 turns).

DrClinical the Grave Robber (DsNe)                  Turns: 1572, Time: 00:08:58

Health: 0/24       AC: 11    Str:  8 (9)  XL:     3   Next: 75%
Magic:  6/6        EV:  3    Int: 13 (16) God:
Gold:   46         SH:  0    Dex: 10 (13) Spells: 5/7 levels left

rFire    . . .     SeeInvis .   f - +0 whip
rCold    + . .     Gourm    .   (no shield)
rNeg     . . .     Faith    .   i - +1 chain mail {rC+}
rPois    .         Spirit   .   (no helmet)
rElec    .         Reflect  .   (no cloak)
rCorr    +         Harm     .   (no gloves)
MR       .....                  (no boots)
Stlth    ..........             (no amulet)
HPRegen  0.08/turn              e - ring of resist corrosion
MPRegen  0.10/turn              (no ring)

@: lethally poisoned (0 -> -6), very slightly contaminated, invisible
A: thin metallic scales 1, rot immunity
a: no special abilities


You were on level 1 of the Dungeon.
You were not hungry.

You visited 1 branch of the dungeon, and saw 2 of its levels.

You collected 46 gold pieces.

Inventory:

Hand Weapons
 f - a +0 whip (weapon)
Missiles
 b - 2 throwing nets (quivered)
Armour
 a - a +0 robe
 i - a +1 chain mail of cold resistance (worn)
Jewellery
 e - a ring of resist corrosion (left hand)
Scrolls
 g - a scroll of enchant armour
Comestibles
 c - 3 rations
 k - 4 chunks of flesh


   Skills:
 + Level 0.1 Fighting
 + Level 0.5 Maces & Flails
 * Level 0.6 Armour
 + Level 2.0 Dodging
 - Level 2.0 Stealth
 + Level 2.5 Spellcasting
 + Level 5.1 Necromancy


You had 5 spell levels left.
You knew the following spells:

 Your Spells              Type           Power        Failure   Level  Hunger
a - Pain                  Necr           ##..         99%         1    #......
b - Animate Skeleton      Necr           N/A          99%         1    #......

Your spell library contained the following spells:

 Spells                   Type           Power        Failure   Level  Hunger
 Regeneration             Chrm/Necr      #.........   100%        3    ###....
 Vampiric Draining        Necr           ##........   100%        3    ###....
 Animate Dead             Necr           N/A          100%        4    #####..


Dungeon Overview and Level Annotations

Branches:
Dungeon (2/15)

Altars:

Annotations:
D:2 Natasha


Innate Abilities, Weirdness & Mutations

You are partially covered in thin metallic scales. (AC +2)
You are immune to rotting.


Message History

You are lethally poisoned!
The adder poisons you! The adder bites you but does no damage.
Your chain mail prevents you from hitting the adder.
The adder is severely wounded.
The adder barely misses you.
You miss the adder.
The adder is severely wounded.
* * * LOW HITPOINT WARNING * * *
You feel sick. The adder bites you.
* * * LOW HITPOINT WARNING * * *
The adder bites you.
* * * LOW HITPOINT WARNING * * *
It was a potion of invisibility.
You fade into invisibility!
The adder bites you but does no damage.
You are very lightly contaminated with residual magic.
It was a potion of degeneration.
There was something very wrong with that liquid.
You feel weakened.
You feel dopey.
You feel clumsy.
You die...

######## #......#
#......######
#......##....
#......##....
#......##....
#......##....
######......##....
#@S...............
#.####......######
#.................
######..........##
###........##
#........##
#........#
#........#
#........#


You could see an adder.

Vanquished Creatures
  2 adders (D:2)
  A dart slug (D:1)
  2 giant cockroaches (D:2)
  6 goblins
  3 hobgoblins
  7 jackals
  A quokka (D:2)
  A ball python (D:1)
  4 bats (D:1)
  A frilled lizard (D:1)
  3 kobolds (D:1)
  3 rats
34 creatures vanquished.

Notes
Turn   | Place    | Note
-------+----------+-------------------------------------------
     0 | D:1      | DrClinical the Demonspawn Necromancer began the quest for
                  | the Orb.
     0 | D:1      | Reached XP level 1. HP: 13/13 MP: 3/3
   205 | D:1      | Learned a level 1 spell: Animate Skeleton
   217 | D:1      | Gained mutation: You are partially covered in thin metallic
                  | scales. (AC +2) [demonic ancestry]
   217 | D:1      | Reached XP level 2. HP: 17/19 MP: 0/5
   665 | D:1      | Reached skill level 5 in Necromancy
   998 | D:2      | Gained mutation: You are immune to rotting. [demonic
                  | ancestry]
   998 | D:2      | Reached XP level 3. HP: 18/24 MP: 6/6
  1383 | D:2      | Noticed Natasha
  1570 | D:1      | HP: 1/24 [adder (2)]
  1572 | D:1      | Succumbed to an adder's poison

Vault maps used:
D:1:      wander_arrival_desolate, hangedman_feature_mirror
D:2:      doesnt_xom_only_xom, uniq_natasha, uniq_crazy_yiuf_cottage

Skill      XL: |  1  2  3 |
---------------+----------+-----
Necromancy     | 5 |  5.1
Stealth        | 2 |  2.0
Dodging        | 2 |  2.0
Fighting       | |  0.1
Maces & Flails | |  0.5
Armour         | |  0.6
Spellcasting   | |  2.5

Action                   || total
-------------------------++-------
Melee: Whip              ||   175
 Cast: Pain              ||    21
       Animate Skeleton  ||     6
  Use: Scroll            ||     3
       Potion            ||     3
  Eat: Chunk             ||     3
Armor: Robe              ||     3
       Chain mail        ||   151
       Skin              ||    16
Dodge: Dodged            ||    45

Table legend:
 A = Non-vault XP
 B = Vault XP
 C = Vault XP percentage of total XP
 D = Non-vault monster count
 E = Vault monster count
 F = Vault count percentage of total count
                 A         B        C        D         E       F
            +---------+---------+-------+---------+---------+-------
      Total |      81 |       2 |   2.4 |      32 |       2 |   5.9
            +---------+---------+-------+---------+---------+-------
        D:1 |      33 |       2 |   5.7 |      19 |       2 |   9.5
        D:2 |      48 |       0 |   0.0 |      13 |       0 |   0.0
            +---------+---------+-------+---------+---------+-------
